Unix NetHack Version 3.7.0-53 Work-in-progress - last build Apr 4 2022 15:05:14 (0945cd16e85ecfe9c80600c62adfe552c28f66b8,branch:master). Game began 2022-04-10 06:47:14, ended 2022-04-10 08:26:23. spontiff, neutral male gnomish Healer --- ---- --..-- ..| ------- .....| ..| |..--.--.....| .| --.......... .| -------.........- ----.| ---- |...h..........-- |..|.| |..| -----.--............-- |..|.----|..------..^..---.@...G......| ---.......||...............|..|........-| -......(........||.|.------..[%....-|.........--- |........|..---.--.|-- --........||..>........| |....... |..| |....| |..|.|...---...........-- -- ----- ---- ---..| |.-----...............G.| |..| |..| |.................-- ---..----- |..| --................| |........| ---- ---...........---- --.....<-- |.......--..| --....-- --.|....|---- ------ ----.--- --- Spontiff the Rhizotomist St:13 Dx:9 Co:12 In:9 Wi:15 Ch:17 Neutral S:547 Dlvl:8 $:1578 HP:0(20) Pw:2(7) AC:5 Xp:1/0 T:3398 Burdened Latest messages: The pony kicks! The pony bites! The large dog misses the pony. What do you want to throw? [$kADIKW or ?*] n In what direction? n The food ration misses the pony. The large dog bites the acid blob. What do you want to use or apply? [aesxPS or ?*] s In what direction? k Status of the acid blob (neutral): Level 1 HP 2(7) AC 8. n - a food ration. The large dog bites the acid blob. The acid blob is killed! The large dog is splashed by the acid blob's acid! B - a wand of create monster. What do you want to take off? [ghqv or ?*] ? You finish taking off your helm. In what direction? . You feel better. What do you want to wear? [hH or ?*] h The large dog bites the gnome. The gnome is killed! You finish your dressing maneuver. The large dog eats a gnome corpse. What do you want to take off? [ghqv or ?*] h You finish taking off your helm. What do you want to drop? [$ace-ikm-tv-zABDG-KPQSW or ?*] h You drop a +0 iron skull cap. What do you want to adjust? [ace-gikm-tv-zABDG-KPQSW or ?*] H Adjust letter to what [bdhjluCEFHL-ORT-VX-Z] (? see used letters)? h Moving: h - a +0 helmet called brilliance. What do you want to wear? [h or ?*] h You finish your dressing maneuver. What do you want to use or apply? [aesxBPS or ?*] s In what direction? n Status of the pony (neutral): Level 4 HP 15(15) AC 6, peaceful. The large dog bites the pony. The large dog misses the pony. It bites the pony. The pony hits it. The pony misses it. You hear crashing rock. It bites the pony. The pony is killed! You hear crashing rock. KAABLAMM!!! You triggered a land mine! Your movements are slowed slightly because of your load. You die... Do you want your possessions identified? [ynq] (y) y Do you want to see the dungeon overview? [ynq] (y) y Major events: Turn 1: spontiff the neutral male gnomish Healer entered the dungeon 2346: entered the Gnomish Mines 3398: killed by a land mine Inventory: Coins $ - 1578 gold pieces Weapons A - 10 blessed +0 darts W - an uncursed +0 dart D - a blessed +0 elven dagger I - an uncursed +0 elven dagger k - 2 uncursed +0 orcish daggers K - a blessed +0 scalpel (alternate weapon; not wielded) Armor h - an uncursed +0 helm of brilliance (being worn) g - an uncursed +1 pair of leather gloves (being worn) v - an uncursed +0 pair of iron shoes (being worn) q - an uncursed +0 dwarvish cloak (being worn) Q - an uncursed +0 dwarvish cloak Comestibles y - an uncursed apple a - an uncursed cream pie (wielded) n - 3 uncursed food rations f - an uncursed tripe ration Scrolls t - an uncursed scroll of identify r - an uncursed scroll of remove curse o - a cursed scroll of remove curse Potions c - an uncursed potion of extra healing p - an uncursed potion of see invisible Rings w - an uncursed -2 ring of increase damage Wands B - an uncursed wand of create monster (0:11) S - an uncursed wand of sleep (0:5) Tools P - an uncursed wooden harp x - a blessed magic lamp e - an uncursed +0 pick-axe s - an uncursed stethoscope Gems/Stones z - an uncursed turquoise stone J - 2 uncursed worthless pieces of black glass m - 3 uncursed worthless pieces of orange glass G - 4 uncursed worthless pieces of yellow glass i - an uncursed worthless piece of yellowish brown glass Spontiff the Healer's attributes: Background: You were a Rhizotomist, a level 1 male gnomish Healer. You were neutral, on a mission for Hermes who was opposed by Athena (lawful) and Poseidon (chaotic). You were in the Gnomish Mines, on level 8. You entered the dungeon 3398 turns ago. You had 0 experience points, 20 were needed to attain level 2. Your score was 547 before end-of-game adjustments. Basics: You had 0 out of 20 hit points. You had 2 out of 7 energy points (spell power). Your armor class was 5. Your wallet contained 1578 zorkmids. Autopickup was on for '$!/="?' plus thrown, with exceptions. Final Characteristics: Your strength was 13 (limit:18/50). Your dexterity was 9 (base:10, limit:18). Your constitution was 12 (limit:18). Your intelligence was 9 (limit:19). Your wisdom was 15 (limit:18). Your charisma was 17 (limit:18). Final Status: You had wounded legs. You were not hungry. You were burdened; movement was slightly slowed. You were wielding some food. Final Attributes: You were devoutly aligned. You were poison resistant. You had infravision. You were warded. You are dead. Miscellaneous: You never encountered a bones level. Total elapsed playing time was 1 hour, 5 minutes and 33 seconds. Vanquished creatures: a pony a shrieker 2 gnome leaders a straw golem 4 dwarves a homunculus 2 hill orcs a centipede a giant bat 5 acid blobs a coyote 2 gas spores 2 hobbits a yellow mold 2 green molds 6 gnomes 2 gnome zombies 7 geckos 6 jackals 2 kobolds 5 goblins 2 sewer rats 7 grid bugs 3 bats 6 lichens 3 kobold zombies 7 newts 83 creatures vanquished. No species were genocided or became extinct. Voluntary challenges: You never hit with a wielded weapon. You were a pacifist. You read items or engraved 1 time. You never engraved Elbereth. You never genocided any monsters. You never polymorphed an object. You never changed form. You used no wishes. Achievement: You entered the Gnomish Mines. The Dungeons of Doom: levels 1 to 5 Level 1: "Stashlet" A sink. Level 2: Level 3: Level 4: A fountain. Stairs down to The Gnomish Mines. Level 5: The Gnomish Mines: levels 5 to 8 Level 5: Level 6: Level 7: Level 8: <- You were here. Final resting place for you, killed by a land mine. Game over: ---------- / \ / REST \ / IN \ / PEACE \ / \ | spontiff | | 1578 Au | | killed by a land | | mine | | | | | | 2022 | *| * * * | * _________)/\\_//(\/(/\)/\//\/|_)_______ Goodbye spontiff the Healer... You died in The Gnomish Mines on dungeon level 8 with 528 points, and 1578 pieces of gold, after 3398 moves. You were level 1 with a maximum of 20 hit points when you died.